 Dungeon Crawl Stone Soup version 0.31.0-32-g396128a36d (webtiles) character file.

Game seed: 10845496450623857865

87 spaghetti the Caller (level 4, -5/36 HPs)
             Began as a Naga Summoner on Mar 9, 2024.
             Was a Follower of Makhleb.
             Slain by an orc
             ... wielding a +0 flail
              (9 damage)
             ... on level 2 of the Dungeon.
             The game lasted 00:02:49 (2216 turns).

spaghetti the Caller (Naga Summoner)                Turns: 2216, Time: 00:02:50

Health: -5/36      AC:  2    Str: 10    XL:     4   Next: 51%
Magic:  1/7        EV: 10    Int: 17    God:    Makhleb [*.....]
Gold:   113        SH:  0    Dex: 12    Spells: 1/7 levels left

rFire   . . .        (no weapon)
rCold   . . .        (no shield)
rNeg    . . .        a - +0 robe
rPois   +            (no helmet)
rElec   .            (no cloak)
rCorr   .            (no gloves)
SInv    +            (no barding)
Will    .....        (no amulet)
Stlth   ++           (no ring)
HPRegen 0.26/turn    (no ring)
MPRegen 0.10/turn

%: no passive effects
@: very slow
A: AC +1, large, see invisible, deformed body, poison resistance, slowness 2,
spit poison 1, naga tail 1
a: Spit Poison, Renounce Religion


You were on level 2 of the Dungeon.
You worshipped Makhleb.
Makhleb was aware of your devotion.
You visited 1 branch of the dungeon, and saw 3 of its levels.

You collected 113 gold pieces.

Inventory:

Armour
 a - a +0 robe (worn)
 d - a scarf of shadows
Scrolls
 b - a scroll of noise {unknown}
 c - a scroll of teleportation {unknown}
 g - a scroll of torment {unknown}
 h - a scroll of amnesia {unknown}
Potions
 e - 2 potions of heal wounds


   Skills:
 - Level 1.5 Dodging
 - Level 3.0 Stealth
 - Level 2.0 Spellcasting
 + Level 5.2 Summonings
 + Level 2.3 Invocations


You had one spell level left.
You knew the following spells:

 Your Spells              Type           Power      Damage    Failure   Level
a - Summon Small Mammal   Summ           76%        N/A       2%          1
b - Call Imp              Summ           38%        N/A       3%          2
c - Call Canine Familiar  Summ           19%        N/A       7%          3

Your spell library contained the following spells:

 Spells                   Type           Power      Damage    Failure   Level
 Summon Blazeheart Golem  Fire/Summ      10%        N/A       54%         4
 Summon Lightning Spire   Summ/Air       10%        N/A       54%         4


Dungeon Overview and Level Annotations

Branches:
Dungeon (3/15)

Altars:
Makhleb

Shops:
D:2 !


Innate Abilities, Weirdness & Mutations

Your serpentine skin is tough. (AC +1)
You have supernaturally acute eyesight. (SInv)
Armour fits poorly on your strangely shaped body.
Your system is resistant to poisons. (rPois)
You cover ground very slowly.
You can spit poison.
You have a snake-like lower body.


Message History

Your cerulean imp hits the orc wizard but does no damage.
Your inugami hits the orc wizard.
You climb upwards.
Your summoned ally is left behind.
There is a stone staircase leading down, spattered with blood here.
Unknown command.
Unknown command.
Casting: Call Imp (safe; 3% risk of failure)
Confirm with . or Enter, or press ? or * to list all spells.
You don't have enough magic to cast this spell.
Casting: Call Imp (safe; 3% risk of failure)
Confirm with . or Enter, or press ? or * to list all spells.
A tiny devil pulls itself out of the air.
The orc barely misses you.
The orc wizard hits you with a +0 dagger.
You hit the orc wizard.
The orc wizard is heavily wounded.
The orc barely misses you. The orc wizard barely misses you.
Your cerulean imp hits the orc wizard with a -3 spear.
You hit the orc wizard.
The orc wizard is almost dead.
The orc closely misses you.
The orc wizard hits you but does no damage.
Your cerulean imp barely misses the orc wizard.
You hit the orc wizard but do no damage.
The orc wizard is almost dead.
The orc hits you with a +0 flail.
* * * LOW HITPOINT WARNING * * *
The orc wizard gestures at you while chanting.
The magic dart hits you.
* * * LOW HITPOINT WARNING * * *
Your cerulean imp barely misses the orc wizard.
Unknown command.
You hit the orc wizard but do no damage.
The orc wizard is almost dead.
The orc barely misses you. The orc wizard closely misses you.
Your cerulean imp completely misses the orc wizard.
You barely miss the orc wizard.
The orc wizard is almost dead.
The orc hits you with a +0 flail!
You die...

#.#.....## #.# ###.##....#
#.# ....##.#..# #.#
###.##.#>.# #.# .......#..#
#.#
###>......#################.#
.............).5..........#.#
########.#######o#.######.#.#
#.# #@#..........#
#.#######o########.###
#........S.....###.#######
#########.####....#......#
#####.########.#####.#
#...)....### #.# #..
#.###......# #.# ### #.#
#..#.#.###.# #.# #..........#
####


You could see an orc wizard (ally target), an adder, an orc and a friendly
cerulean imp (summoned).

Vanquished Creatures
  An orc priest (D:2)
  A ball python (D:2)
  An endoplasm (D:1)
  3 goblins
  A jackal (D:1)
  2 bats (D:1)
  A frilled lizard (D:2)
  A kobold (D:1)
  A rat (D:1)
12 creatures vanquished.

Vanquished Creatures (collateral kills)
  An adder (D:2)
  A dart slug (D:2)
  2 orcs (D:2)
  3 endoplasms
  A giant cockroach (D:1)
  A goblin (D:2)
  3 hobgoblins (D:1)
  2 jackals (D:1)
  2 quokkas
  4 ball pythons
  2 bats (D:1)
  A frilled lizard (D:2)
  2 kobolds
  5 rats (D:1)
30 creatures vanquished.

Grand Total: 42 creatures vanquished

Notes
Turn   | Place    | Note
-------+----------+-------------------------------------------
     0 | D:1      | spaghetti the Naga Summoner began the quest for the Orb.
     0 | D:1      | Reached XP level 1. HP: 15/15 MP: 3/3
   239 | D:1      | Reached XP level 2. HP: 17/22 MP: 1/5
   450 | D:1      | Learned a level 2 spell: Call Imp
   505 | D:1      | Found a faded altar of an unknown god.
   516 | D:1      | Prayed at the altar of an unknown god.
   516 | D:1      | Became a worshipper of Makhleb the Destroyer
   516 | D:1      | Reached * piety under Makhleb
   826 | D:1      | Reached XP level 3. HP: 24/28 MP: 1/6
   830 | D:1      | Learned a level 3 spell: Call Canine Familiar
   956 | D:1      | Reached skill level 1 in Invocations
  1212 | D:2      | Found Fuefrack's Distillery.
  1463 | D:2      | Reached skill level 5 in Summonings
  2146 | D:2      | Reached XP level 4. HP: 33/36 MP: 1/7
  2216 | D:2      | Slain by an orc

Illustrated notes

Levels and vault maps discovered:
D:1:      heliophobic_arrival_battle_scene, layout_basic,
          ebering_ecumenical_altar_petrified
D:2:      layout_loops_ring, serial_shops, shop, minmay_misc_feat_square,
          grunt_ministairs_11
D:3:      layout_loops_ring, mainiacjoe_overflow_paths,
          gammafunk_ghost_gnarly_gnolls, minmay_misc_feat_chi, uniq_grinder,
          uniq_jessica, uniq_robin

Skill      XL: |  1  2  3  4 |
---------------+-------------+-----
Invocations    | 1 2 |  2.3
Summonings     | 5 |  5.2
Dodging        | |  1.5
Stealth        | |  3.0
Spellcasting   | |  2.0

Action                     |  1- 3 |  4- 6 || total
---------------------------+-------+-------++-------
  Melee: Unarmed           |   106 |    11 ||   117
         Punch             |     1 |       ||     1
   Cast: Summon Small Mamm |    26 |       ||    26
         Call Imp          |    12 |     2 ||    14
         Call Canine Famil |     6 |     1 ||     7
Ability: Spit Poison       |     7 |       ||     7
    Use: Potion            |     3 |       ||     3
   Stab: Distracted        |     1 |       ||     1
         Sleeping          |     4 |       ||     4
 Armour: Robe              |   112 |    11 ||   123
  Dodge: Dodged            |    77 |    13 ||    90
